[Event "ICC tourney 2028 (45 10)"]
[Site "Internet Chess Club"]
[Date "2020.10.03"]
[Round "1"]
[White "aakashjr"]
[Black "andrewj508"]
[Result "1-0"]
[ICCResult "Black checkmated"]
[WhiteElo "1506"]
[BlackElo "1191"]
[Opening "two knights defense: Fritz variation"]
[ECO "C57"]
[NIC "KP.01"]
[Time "11:06:15"]
[TimeControl "2700+10"]

1. e4 e5 2. Nf3 Nc6 3. Bc4 Nf6 4. Ng5 d5 5. exd5 Nd4 6. d6 Qxd6 7. Bxf7+ Kd8
8. Bb3 Qc6 9. O-O Nxb3 10. axb3 Ke8 11. Re1 Bd6 12. d4 e4 13. Nxe4 Nxe4 14.
d5 Qb6 15. Rxe4+ Kd8 16. Bg5+ Kd7 17. Qg4# {Black checkmated} 1-0

[Event "ICC tourney 2028 (45 10)"]
[Site "Internet Chess Club"]
[Date "2020.10.03"]
[Round "1"]
[White "Nedas15"]
[Black "cozyblanket"]
[Result "0-1"]
[ICCResult "White checkmated"]
[WhiteElo "357"]
[BlackElo "1124"]
[Opening "Owen defense"]
[ECO "B00"]
[NIC "VO.01"]
[Time "11:06:15"]
[TimeControl "2700+10"]

1. e4 b6 2. Nc3 Bb7 3. Bc4 e6 4. Nf3 Bb4 5. d3 Nf6 6. Bg5 h6 7. e5 hxg5 8.
exf6 Qxf6 9. O-O Bxf3 10. Qxf3 Qxf3 11. gxf3 Bxc3 12. a3 Bxb2 13. Ra2 Bc3
14. Kh1 Nc6 15. Rg1 f6 16. a4 O-O-O 17. f4 gxf4 18. Rxg7 Rhg8 19. Rxg8 Rxg8
20. Ra3 Bb4 21. Rb3 Bc5 22. d4 Bxd4 23. Rf3 Ne5 24. Rxf4 Nxc4 25. Rxd4 Ne5
26. f4 Nf3 27. Rd1 Rh8 28. Kg2 Nxh2 29. Rh1 Kb7 30. Rxh2 Rxh2+ 31. Kxh2 Ka6
32. Kg2 f5 33. Kf3 Ka5 34. Ke3 Kxa4 35. Kd3 Kb4 36. c3+ Kb3 37. c4 a5 38.
Kd4 a4 39. c5 bxc5+ 40. Kxc5 a3 41. Kb5 a2 42. Ka5 a1=Q+ 43. Kb5 Qa4+ 44.
Kc5 Qc4# {White checkmated} 0-1

[Event "ICC tourney 2028 (45 10)"]
[Site "Internet Chess Club"]
[Date "2020.10.03"]
[Round "1"]
[White "agrimjax1"]
[Black "JacobRandom"]
[Result "1-0"]
[ICCResult "Black resigns"]
[WhiteElo "1448"]
[BlackElo "1278"]
[Opening "Sicilian: closed, 2...Nc6"]
[ECO "B23"]
[NIC "SI.44"]
[Time "11:06:18"]
[TimeControl "2700+10"]

1. e4 c5 2. Nc3 Nc6 3. Nf3 d6 4. Bb5 Bd7 5. O-O a6 6. Bxc6 Bxc6 7. d3 Nf6 8.
Re1 g6 9. Bd2 Bg7 10. h3 O-O 11. Qc1 b5 12. a3 a5 13. Bh6 b4 14. Bxg7 Kxg7
15. axb4 axb4 16. Rxa8 Qxa8 17. Ne2 d5 18. exd5 Bxd5 19. Qe3 Qc6 20. Ne5 Qe6
21. Nf4 Qd6 22. Nxd5 Nxd5 23. Qf3 b3 24. Nc4 Qd7 25. c3 f6 26. Qe4 f5 27.
Ne5 fxe4 28. Nxd7 Rd8 29. Nxc5 exd3 30. Ne6+ {Black resigns} 1-0

[Event "ICC tourney 2028 (45 10)"]
[Site "Internet Chess Club"]
[Date "2020.10.03"]
[Round "1"]
[White "Kyle45"]
[Black "Beast908"]
[Result "1-0"]
[ICCResult "Black resigns"]
[WhiteElo "1183"]
[BlackElo "1386"]
[Opening "Scotch game"]
[ECO "C45"]
[NIC "SO.05"]
[Time "11:07:06"]
[TimeControl "2700+10"]

1. e4 e5 2. Nf3 Nc6 3. d4 exd4 4. Nxd4 Bc5 5. Nf5 Qf6 6. Nc3 Nge7 7. Bd3
Nxf5 8. exf5 O-O 9. O-O d6 10. Ne4 Qe5 11. Ng3 Re8 12. c3 Qe7 13. Qh5 h6 14.
Bf4 Bd7 15. Ne4 Qf8 16. Rae1 Ne5 17. Bc2 Nc6 18. Nf6+ Kh8 19. Nxd7 Qg8 20.
f6 {Black resigns} 1-0

[Event "ICC tourney 2028 (45 10)"]
[Site "Internet Chess Club"]
[Date "2020.10.03"]
[Round "1"]
[White "VirginiaGuy"]
[Black "chestnut01"]
[Result "1/2-1/2"]
[ICCResult "Game drawn by mutual agreement"]
[WhiteElo "1374"]
[BlackElo "1120"]
[Opening "Queen's pawn game"]
[ECO "D02"]
[NIC "QP.08"]
[Time "11:07:06"]
[TimeControl "2700+10"]

1. d4 d5 2. Nf3 c6 3. e3 e6 4. Bd3 Nf6 5. Nbd2 Nbd7 6. b3 Bd6 7. Bb2 O-O 8.
Ne5 Bc7 9. O-O Nxe5 10. dxe5 Nd7 11. f4 Nc5 12. Be2 Ne4 13. Rf3 Bb6 14. Nxe4
dxe4 15. Qxd8 Rxd8 16. Rg3 f5 17. Rd1 Bd7 18. Kf1 Be8 19. Ke1 Rxd1+ 20. Kxd1
Rd8+ 21. Kc1 Ba5 22. c3 a6 23. Kc2 b5 24. h4 Bb6 25. Bc1 a5 26. Rh3 c5 27.
Rh1 b4 28. Rd1 Rxd1 29. Bxd1 {Game drawn by mutual agreement} 1/2-1/2

[Event "ICC tourney 2028 (45 10)"]
[Site "Internet Chess Club"]
[Date "2020.10.03"]
[Round "1"]
[White "Paladin51"]
[Black "jeffreyt1"]
[Result "1-0"]
[ICCResult "Black resigns"]
[WhiteElo "1640"]
[BlackElo "1280"]
[Opening "Queen's pawn game"]
[ECO "D04"]
[NIC "QP.08"]
[Time "11:06:39"]
[TimeControl "2700+10"]

1. d4 d5 2. Nf3 Nf6 3. e3 Bf5 4. Bd3 Bxd3 5. cxd3 e6 6. O-O Bd6 7. b3 c6 8.
Bb2 Nbd7 9. Nbd2 O-O 10. Qe2 Re8 11. e4 dxe4 12. dxe4 Bc7 13. Rac1 Nb6 14.
Rfe1 Bf4 15. Rc2 Nbd7 16. Nc4 Bc7 17. Nce5 Nxe5 18. Nxe5 Bxe5 19. dxe5 Nd7
20. Rd2 Qc7 21. Rd6 Nf8 22. Red1 Red8 23. Qd2 Rxd6 24. exd6 Qd7 25. Qg5 Ng6
26. h4 f6 27. Qg4 e5 28. Qxd7 {Black resigns} 1-0

[Event "ICC tourney 2028 (45 10)"]
[Site "Internet Chess Club"]
[Date "2020.10.03"]
[Round "1"]
[White "UltimateDL"]
[Black "dangdang2000"]
[Result "1-0"]
[ICCResult "Black checkmated"]
[WhiteElo "1492"]
[BlackElo "1189"]
[Opening "Scotch: Potter variation"]
[ECO "C45"]
[NIC "SO.05"]
[Time "11:07:06"]
[TimeControl "2700+10"]

1. e4 e5 2. Nf3 Nc6 3. d4 exd4 4. Nxd4 Bc5 5. Nb3 Bb6 6. Nc3 Nf6 7. Bg5 h6
8. Bh4 O-O 9. Bd3 Re8 10. O-O d6 11. Nd5 Ne5 12. Nxf6+ gxf6 13. Kh1 Ng6 14.
Bg3 Be6 15. Qh5 Kh7 16. f4 Bxb3 17. axb3 Bd4 18. c3 Be3 19. Rae1 Bb6 20. f5
Ne5 21. Bxe5 fxe5 22. Qxf7+ Kh8 23. f6 Rg8 24. Bc4 Rg5 25. Rf5 Rxf5 26. Qg7#
{Black checkmated}
1-0

[Event "ICC tourney 2028 (45 10)"]
[Site "Internet Chess Club"]
[Date "2020.10.03"]
[Round "1"]
[White "BobbyFissure"]
[Black "SunnyDays0"]
[Result "1-0"]
[ICCResult "Black resigns"]
[WhiteElo "1466"]
[BlackElo "1152"]
[Opening "Catalan: closed, 5.Nf3"]
[ECO "E06"]
[NIC "CA.04"]
[Time "11:06:13"]
[TimeControl "2700+10"]

1. d4 d5 2. c4 e6 3. Nf3 Nf6 4. g3 Be7 5. Bg2 O-O 6. O-O a5 7. Nc3 dxc4 8.
Ne5 Bd7 9. Bxb7 Ra7 10. Bg2 Re8 11. Nxc4 Bc6 12. e4 Bb4 13. f3 Bb5 14. Nxb5
{Black resigns}
1-0

[Event "ICC tourney 2028 (45 10)"]
[Site "Internet Chess Club"]
[Date "2020.10.03"]
[Round "1"]
[White "ElijahL2020"]
[Black "wildrumpus"]
[Result "1-0"]
[ICCResult "Black resigns"]
[WhiteElo "1279"]
[BlackElo "1473"]
[Opening "Caro-Kann: advance variation"]
[ECO "B12"]
[NIC "CK.04"]
[Time "11:06:47"]
[TimeControl "2700+10"]

1. e4 c6 2. d4 d5 3. e5 Bf5 4. Nc3 e6 5. Nf3 Bb4 6. Be3 Bxc3+ 7. bxc3 Ne7 8.
Nh4 Bg6 9. Nxg6 hxg6 10. Be2 Nf5 11. Qd3 Nd7 12. Bd2 O-O 13. O-O Nb6 14. Qh3
Qh4 15. Qxh4 Nxh4 16. g4 f5 17. Bg5 Kf7 18. Bxh4 Rh8 19. Bg3 Rh3 20. Kg2
Rah8 21. gxf5 gxf5 22. f4 Na4 23. Rf3 a6 24. Rb1 b5 25. Bf1 c5 26. Kg1 R3h6
27. dxc5 Nxc5 28. Bd3 Rg6 29. Kg2 Rg4 30. Rh1 Na4 31. Be2 Rg6 32. h4 Rc8 33.
h5 Rh6 34. Be1 d4 35. Bd1 Nb2 36. Be2 dxc3 37. Rxc3 Rd8 38. Rc7+ Kf8 39.
Bb4+ Kg8 40. Bc3 Na4 41. Rd1 Re8 42. Bb4 g6 43. hxg6 Rxg6+ 44. Kf2 Nb6 45.
Bh5 {Black resigns} 1-0

[Event "ICC tourney 2028 (45 10)"]
[Site "Internet Chess Club"]
[Date "2020.10.03"]
[Round "1"]
[White "johnzabraham"]
[Black "Kfprasanna"]
[Result "0-1"]
[ICCResult "White checkmated"]
[WhiteElo "943"]
[BlackElo "1368"]
[Opening "QGD Slav defense"]
[ECO "D10"]
[NIC "SL.01"]
[Time "11:06:27"]
[TimeControl "2700+10"]

1. d4 d5 2. c4 c6 3. Nc3 Bf5 4. cxd5 cxd5 5. Qb3 Qd7 6. Qxd5 e6 7. Qb3 Nc6
8. e3 Nf6 9. Nf3 Bb4 10. Bb5 Bxc3+ 11. bxc3 a6 12. Ne5 Qc7 13. Bxc6+ bxc6
14. Ba3 Rb8 15. Qa4 Rb5 16. O-O Ra5 17. Qb3 Rb5 18. Qd1 c5 19. c4 Ra5 20.
Bb2 O-O 21. Bc3 Ra3 22. Qc1 Ra4 23. Rd1 cxd4 24. exd4 Ne4 25. Bb2 f6 26. f3
fxe5 27. fxe4 Rxc4 28. Qe3 Bg4 29. Rdc1 exd4 30. Bxd4 Rxc1+ 31. Rxc1 Qa5 32.
Qg3 Qd2 33. Be3 Qd3 34. Re1 Bh5 35. Qg5 Bg6 36. Qe5 Qxe4 37. Qxe4 Bxe4 38.
Bc5 Rf4 39. Bd6 Rg4 40. Rf1 Rxg2+ 41. Kh1 Rg3+ 42. Rf3 Bxf3# {White
checkmated} 0-1

[Event "ICC tourney 2028 (45 10)"]
[Site "Internet Chess Club"]
[Date "2020.10.03"]
[Round "1"]
[White "FlowingMelody"]
[Black "chaselea"]
[Result "1-0"]
[ICCResult "Black resigns"]
[WhiteElo "1326"]
[BlackElo "729"]
[Opening "Ruy Lopez: old Steinitz defense"]
[ECO "C62"]
[NIC "RL.02"]
[Time "11:06:20"]
[TimeControl "2700+10"]

1. e4 e5 2. Nf3 Nc6 3. Bb5 d6 4. O-O Bg4 5. h3 Bxf3 6. Qxf3 Qf6 7. Qc3 Ne7
8. Qe3 O-O-O 9. Nc3 a6 10. Bxc6 Nxc6 11. Nd5 Qe6 12. b3 Be7 13. Bb2 h6 14.
f4 Rhf8 15. f5 Qd7 16. f6 gxf6 17. Nxe7+ Qxe7 18. Qxh6 Nd4 19. Bxd4 exd4 20.
Rae1 Rde8 21. Qxf6 Qxf6 22. Rxf6 Re6 23. Rxe6 fxe6 24. Rf1 Rg8 25. g4 Rh8
26. Rf3 Kd8 27. Kg2 Ke7 28. g5 Rg8 29. h4 Rh8 30. Kg3 e5 31. g6 Rh6 32. Rf7+
Kd8 33. g7 Rg6+ 34. Kf3 {Black resigns} 1-0

[Event "ICC tourney 2028 (45 10)"]
[Site "Internet Chess Club"]
[Date "2020.10.03"]
[Round "1"]
[White "AngelaIL203"]
[Black "aryababu25"]
[Result "0-1"]
[ICCResult "White resigns"]
[WhiteElo "1070"]
[BlackElo "1438"]
[Opening "Giuoco Piano"]
[ECO "C50"]
[NIC "IG.02"]
[Time "11:06:37"]
[TimeControl "2700+10"]

1. e4 e5 2. Nf3 Nc6 3. Bc4 Bc5 4. O-O Nf6 5. Nc3 O-O 6. d3 h6 7. Be3 Bb6 8.
Nd5 Ba5 9. a3 d6 10. b4 Bb6 11. Nxb6 axb6 12. h3 Be6 13. Bb3 d5 14. exd5
Bxd5 15. b5 Ne7 16. Nxe5 Qd6 17. Bxd5 Qxd5 18. Nc4 Qxb5 19. Qd2 Rad8 20.
Rfe1 Ne4 21. Qb4 Qxb4 22. axb4 Nd6 23. Nxd6 Rxd6 24. Bf4 Rd7 25. Ra7 c6 26.
Bd6 Re8 27. Bxe7 Rdxe7 28. Rxe7 Rxe7 29. f3 Re1+ 30. Kf2 Rb1 31. c3 Rb2+ 32.
Ke3 Rxg2 33. Rxb7 b5 34. Rc7 Rg6 35. Kd4 Rd6+ 36. Kc5 Rxd3 37. Rxc6 Rxc3+
38. Kxb5 Rxf3 39. Ka6 Rxh3 40. b5 Ra3+ 41. Kb7 h5 42. Rc8+ Kh7 43. Ra8 Rxa8
44. Kxa8 h4 45. b6 h3 46. b7 h2 47. b8=Q h1=Q+ 48. Ka7 Qa1+ 49. Kb7 Qb2+
{White resigns}
0-1

[Event "ICC tourney 2028 (45 10)"]
[Site "Internet Chess Club"]
[Date "2020.10.03"]
[Round "1"]
[White "kevin2010"]
[Black "GPWKnight"]
[Result "0-1"]
[ICCResult "White resigns"]
[WhiteElo "1207"]
[BlackElo "1524"]
[Opening "Queen's pawn game"]
[ECO "A46"]
[NIC "QP.06"]
[Time "11:06:55"]
[TimeControl "2700+10"]

1. d4 Nf6 2. Nf3 d6 3. e3 g6 4. Be2 Bg7 5. O-O O-O 6. Nbd2 Nbd7 7. Re1 Re8
8. e4 e5 9. c3 exd4 10. cxd4 Nxe4 11. Bd3 Nxd2 12. Bxd2 Nf8 13. Qb3 Ne6 14.
Bc3 Rb8 15. Rac1 Bd7 16. Bc4 Rf8 17. d5 Nc5 18. Qd1 Bxc3 19. Rxc3 Qf6 20.
Qd3 Nxd3 21. Rxd3 Rfe8 22. Rxe8+ Rxe8 23. Re3 Rxe3 24. fxe3 Qxb2 {White
resigns} 0-1

[Event "ICC tourney 2028 (45 10)"]
[Site "Internet Chess Club"]
[Date "2020.10.03"]
[Round "1"]
[White "WizardY"]
[Black "oxdidi"]
[Result "1-0"]
[ICCResult "Black checkmated"]
[WhiteElo "1446"]
[BlackElo "1082"]
[Opening "Scotch gambit: Dubois-Réti defense"]
[ECO "C55"]
[NIC "KP.02"]
[Time "11:06:21"]
[TimeControl "2700+10"]

1. e4 e5 2. Nf3 Nc6 3. d4 exd4 4. Bc4 Nf6 5. e5 Ng4 6. O-O Be7 7. Bf4 Nh6 8.
Bxh6 gxh6 9. Re1 Rg8 10. Nxd4 d5 11. exd6 Qxd6 12. Qf3 Rg7 13. Nb5 Qd7 14.
N1c3 a6 15. Rad1 Qh3 16. Qxc6+ bxc6 17. Nxc7+ Kf8 18. Rd8+ Bxd8 19. Re8#
{Black checkmated}
1-0

[Event "ICC tourney 2028 (45 10)"]
[Site "Internet Chess Club"]
[Date "2020.10.03"]
[Round "1"]
[White "bsarvagnya"]
[Black "RaymondJiang1"]
[Result "1/2-1/2"]
[ICCResult "Game drawn by mutual agreement"]
[WhiteElo "1103"]
[BlackElo "1333"]
[Opening "Giuoco Piano"]
[ECO "C54"]
[NIC "IG.02"]
[Time "11:07:06"]
[TimeControl "2700+10"]

1. e4 e5 2. Nf3 Nc6 3. Bc4 Bc5 4. c3 Nf6 5. d4 exd4 6. cxd4 Bb4+ 7. Bd2
Bxd2+ 8. Nbxd2 O-O 9. O-O d5 10. exd5 Nxd5 11. h3 Be6 12. Re1 Qf6 13. Ne4
Qe7 14. Neg5 h6 15. Nxe6 fxe6 16. Bxd5 Rf6 17. Bxe6+ Rxe6 18. Qb3 Nd8 19. d5
Rxe1+ 20. Rxe1 Qd6 21. Nd4 a6 22. Nf5 Qd7 23. Ne7+ Kh8 24. d6 Qe8
{Game drawn by mutual agreement}
1/2-1/2

[Event "ICC tourney 2028 (45 10)"]
[Site "Internet Chess Club"]
[Date "2020.10.03"]
[Round "1"]
[White "miyzhang"]
[Black "javasri"]
[Result "0-1"]
[ICCResult "White checkmated"]
[WhiteElo "1295"]
[BlackElo "562"]
[Opening "French: Tarrasch, closed variation"]
[ECO "C05"]
[NIC "FR.17"]
[Time "11:07:06"]
[TimeControl "2700+10"]

1. e4 e6 2. d4 d5 3. Nd2 Nf6 4. e5 Nfd7 5. Bd3 c5 6. c3 Nc6 7. Ne2 Be7 8.
Nf3 Qb6 9. O-O f5 10. Qc2 cxd4 11. cxd4 Nb4 12. Qd1 Nxd3 13. Qxd3 Nb8 14.
Bg5 Bf8 15. b3 Bd7 16. a4 Nc6 17. Rfc1 h6 18. Bd2 Nb4 19. Bxb4 Bxb4 20. Ng3
Kf7 21. Qc2 Rac8 22. Qe2 Rxc1+ 23. Rxc1 Rc8 24. Rxc8 Bxc8 25. Nh4 Qxd4 26.
Qh5+ Kf8 27. Ng6+ Kg8 28. Ne7+ Bxe7 29. Qe8+ Bf8 30. Qxc8 Qa1+ 31. Nf1 Qxe5
32. Qxb7 a5 33. Qb5 Bb4 34. Qe8+ Kh7 35. Qb5 f4 36. Qd3+ Qe4 37. Qxe4+ dxe4
38. g3 e5 39. Kg2 g5 40. Kh3 h5 41. g4 Kg6 42. gxh5+ Kxh5 43. Kg2 Kh4 44. h3
g4 45. hxg4 Kxg4 46. Nh2+ Kh4 47. Kf1 Kh3 48. Kg1 Bc5 49. Nf1 e3 50. fxe3
fxe3 51. Nh2 e2+ 52. Kh1 e1=Q+ 53. Nf1 Qxf1# {White checkmated} 0-1

[Event "ICC tourney 2028 (45 10)"]
[Site "Internet Chess Club"]
[Date "2020.10.03"]
[Round "1"]
[White "AJRChess2011"]
[Black "virajphadke"]
[Result "1/2-1/2"]
[ICCResult "Game drawn by mutual agreement"]
[WhiteElo "1290"]
[BlackElo "1503"]
[Opening "Ruy Lopez: exchange, Keres variation"]
[ECO "C68"]
[NIC "RL.08"]
[Time "11:06:32"]
[TimeControl "2700+10"]

1. e4 e5 2. Nf3 Nc6 3. Bb5 a6 4. Bxc6 dxc6 5. Nc3 Bg4 6. h3 Bh5 7. g4 Bg6 8.
Nxe5 Nf6 9. Nxg6 hxg6 10. d3 Bc5 11. Bf4 Qd7 12. Qe2 Nxg4 13. Nd1 Nf6 14.
Qf3 O-O-O 15. Ne3 Rhe8 16. O-O-O Qe6 17. Nc4 Nd7 18. Kb1 f6 19. Rhe1 g5 20.
Bg3 Ne5 21. Nxe5 fxe5 22. Rg1 Rh8 23. Qg4 Qxg4 24. hxg4 Rde8 25. Rh1 Bd6 26.
a3 Kd7 27. Rxh8 Rxh8 28. d4 exd4 29. Rxd4 Ke6 30. Kc1 Bxg3 31. fxg3 Rh3 32.
Rd3 Ke5 33. Rd7 Rxg3 34. Rxc7 Rxg4 35. Rxg7 Kxe4 36. Rxb7 Kd5 37. Kd2 Rg2+
38. Kd3 g4 39. Rg7 g3 40. c3 Rg1 41. Ke3 Kc4 42. Kf3 Rd1 43. Rg4+ Kb3 44.
Rb4+ Kc2 45. Kxg3 Rb1 46. Rb6 Rxb2 47. Rxc6 Rb3 48. Rxa6 Rxc3+ 49. Kf4 Kb3
50. Ke5 Rc4 {Game drawn by mutual agreement} 1/2-1/2

[Event "ICC tourney 2028 (45 10)"]
[Site "Internet Chess Club"]
[Date "2020.10.03"]
[Round "1"]
[White "Dhruti813kob36"]
[Black "lerui"]
[Result "1/2-1/2"]
[ICCResult "Game drawn by repetition"]
[WhiteElo "1413"]
[BlackElo "1082"]
[Opening "Ruy Lopez: old Steinitz defense"]
[ECO "C62"]
[NIC "RL.02"]
[Time "11:06:18"]
[TimeControl "2700+10"]

1. e4 e5 2. Nf3 Nc6 3. Bb5 d6 4. d4 exd4 5. Nxd4 Bd7 6. Nxc6 bxc6 7. Bc4 Nf6
8. Nc3 Be7 9. O-O O-O 10. Bf4 h6 11. e5 dxe5 12. Bxe5 Re8 13. Re1 Bd6 14.
Bg3 Rxe1+ 15. Qxe1 Bxg3 16. hxg3 Rb8 17. Bb3 Qe8 18. Qd2 Qd8 19. Rd1 Qe7 20.
Re1 Qd6 21. Qxd6 cxd6 22. Ne4 Nxe4 23. Rxe4 Re8 24. Rxe8+ Bxe8 25. Kf1 Kf8
26. Ke2 Ke7 27. Kd3 c5 28. Bd5 Bb5+ 29. c4 Bd7 30. Kc3 Be6 31. b4 Bxd5 32.
cxd5 cxb4+ 33. Kxb4 Kd7 34. Kb5 Kc7 35. Ka6 Kb8 36. a4 Ka8 37. a5 Kb8 38.
Kb5 Kb7 39. a6+ Kc7 40. Ka5 Kd7 41. Kb5 Kc7 42. Ka5 Kd7 43. Kb5 Kc7 44. Ka5
Kd7 45. Kb5 Kc7 46. Ka5 {Game drawn by repetition} 1/2-1/2

[Event "ICC tourney 2028 (45 10)"]
[Site "Internet Chess Club"]
[Date "2020.10.03"]
[Round "1"]
[White "srinandasai12"]
[Black "jason54312"]
[Result "1/2-1/2"]
[ICCResult "Game drawn by mutual agreement"]
[WhiteElo "1241"]
[BlackElo "1468"]
[Opening "Scotch gambit: Dubois-Réti defense"]
[ECO "C55"]
[NIC "KP.02"]
[Time "11:06:24"]
[TimeControl "2700+10"]

1. e4 e5 2. Nf3 Nc6 3. d4 exd4 4. Bc4 Nf6 5. e5 d5 6. Bb5 Nd7 7. Bxc6 bxc6
8. Nxd4 Nxe5 9. Qe2 Qe7 10. f4 Ng6 11. Qxe7+ Nxe7 12. O-O c5 13. Nb3 Nc6 14.
Re1+ Kd8 15. Rd1 Nb4 16. Na3 Bg4 17. Rd2 c6 18. c3 Na6 19. Nc4 Kc7 20. Ne5
Be6 21. f5 f6 22. Nxc6 Bxf5 23. Rxd5 Be4 24. Rd1 Bxc6 25. Bf4+ Kb6 26. Nd2
g5 27. Nc4+ Kb7 28. Na5+ Kc8 29. Nxc6 gxf4 30. Rd8+ Kc7 31. Rxa8 Kxc6 32.
Rf1 Kb7 33. Re8 Nc7 34. Rd8 Ne6 35. Re8 Ng7 36. Rd8 c4 37. Kh1 Kc7 38. Ra8
Kb7 39. Rd8 Ne6 40. Re8 {Game drawn by mutual agreement} 1/2-1/2

[Event "ICC tourney 2028 (45 10)"]
[Site "Internet Chess Club"]
[Date "2020.10.03"]
[Round "1"]
[White "Deng16"]
[Black "NeuralNetworkQS"]
[Result "1-0"]
[ICCResult "Black checkmated"]
[WhiteElo "1328"]
[BlackElo "892"]
[Opening "Ruy Lopez: ...b5 & ...d6"]
[ECO "C70"]
[NIC "RL.09"]
[Time "11:06:28"]
[TimeControl "2700+10"]

1. e4 e5 2. Nf3 Nc6 3. Bb5 a6 4. Ba4 b5 5. Bb3 Nf6 6. O-O d6 7. h3 Be7 8. c3
O-O 9. d4 Na5 10. Bc2 Bb7 11. Re1 Re8 12. Bg5 h6 13. Bh4 Nd7 14. Bg3 Bf6 15.
Nbd2 exd4 16. cxd4 c5 17. dxc5 dxc5 18. e5 Be7 19. Rc1 Bf8 20. Ne4 Nc4 21.
Nd6 Nxd6 22. exd6 Rxe1+ 23. Nxe1 Qf6 24. Qd3 g6 25. b3 Qg5 26. Rd1 Re8 27.
Nf3 Bxf3 28. Qxf3 Bg7 29. Be4 Qd8 30. Bc6 Be5 31. Bxe5 Nxe5 32. Qd5 Nxc6 33.
Qxc6 Re6 34. Qxc5 Kh7 35. d7 f5 36. Qc8 Qe7 37. d8=Q Re1+ 38. Rxe1 Qxe1+ 39.
Kh2 Qe5+ 40. g3 h5 41. Qcd7+ Kh6 42. Qf8+ Kg5 43. f4+ Qxf4 44. gxf4+ Kxf4
45. Qd4+ Kg5 46. h4# {Black checkmated} 1-0

[Event "ICC tourney 2028 (45 10)"]
[Site "Internet Chess Club"]
[Date "2020.10.03"]
[Round "1"]
[White "jacobsperber"]
[Black "bgl2011"]
[Result "1-0"]
[ICCResult "Black checkmated"]
[WhiteElo "1205"]
[BlackElo "1391"]
[Opening "QGD Slav: 4.Nc3"]
[ECO "D15"]
[NIC "SL.03"]
[Time "11:06:21"]
[TimeControl "2700+10"]

1. d4 d5 2. Nf3 Nf6 3. c4 c6 4. Nc3 Bf5 5. Bg5 e6 6. e3 Be7 7. Bd3 Bxd3 8.
Qxd3 O-O 9. O-O Nbd7 10. Rac1 Re8 11. cxd5 exd5 12. Rc2 Rc8 13. Rfc1 h6 14.
Bh4 a6 15. a3 Nb6 16. Nd2 Kh8 17. a4 a5 18. b3 Qd7 19. Bxf6 Bxf6 20. Ne2 Qg4
21. Nf3 Nd7 22. Qd2 Ra8 23. b4 axb4 24. Qxb4 Ra7 25. Rb2 h5 26. Rcb1 h4 27.
h3 Qf5 28. Qe1 b6 29. Nc3 Bd8 30. Rc1 Re6 31. Rbc2 Rg6 32. Kh1 Nb8 33. Ne5
Rf6 34. Nxd5 cxd5 35. Rc8 Rd6 36. Qb4 Qe6 37. Rxb8 Kh7 38. Rcc8 Qe7 39. Nxf7
Qxf7 40. Qxd6 Qxf2 41. Rxd8 g6 42. Rh8+ Kg7 43. Qe5+ Kf7 44. Rhf8#
{Black checkmated}
1-0

[Event "ICC tourney 2028 (45 10)"]
[Site "Internet Chess Club"]
[Date "2020.10.03"]
[Round "1"]
[White "RockyWang"]
[Black "mutantpenguin"]
[Result "1/2-1/2"]
[ICCResult "Game drawn by mutual agreement"]
[WhiteElo "766"]
[BlackElo "1334"]
[Opening "French: exchange variation"]
[ECO "C01"]
[NIC "FR.01"]
[Time "11:06:15"]
[TimeControl "2700+10"]

1. e4 e6 2. d4 d5 3. exd5 exd5 4. Nf3 Bd6 5. Nc3 Nf6 6. Bg5 c6 7. h3 O-O 8.
Be2 Re8 9. O-O h6 10. Bh4 Nbd7 11. Re1 Qc7 12. Bxf6 Nxf6 13. Bd3 Be6 14. Ne5
Nd7 15. Nxd7 Bxd7 16. Qd2 Bf4 17. Qd1 Rxe1+ 18. Qxe1 Re8 19. Qf1 Qb6 20. Ne2
Bd6 21. Rb1 Qc7 22. c3 Qc8 23. Kh1 Bf5 24. Ng1 Bxd3 25. Qxd3 Qe6 26. Rc1 Bf4
27. Rd1 Qe4 28. Qxe4 Rxe4 29. g3 Bd6 30. Rd2 Kf8 31. Re2 Rxe2 32. Nxe2 Ke7
33. Kg2 Kf6 34. Kf3 h5 35. Nf4 Bxf4 36. Kxf4 g5+ 37. Kf3 Ke6 38. g4 h4 39.
Ke3 f5 40. f3 f4+ 41. Kd3 Kd6 42. b4 b6 43. a3 a6 44. a4 c5 45. Kd2 Kc6 46.
Kc2 Kd6 47. b5 c4 48. Kd2 Kc7 49. Kc2 Kb8 50. Kb2 Ka7 51. Ka2 Kb7 52. Kb2
Ka7 53. Ka2 Kb8 54. Kb2 Kc8 55. Kc2 Kd7 56. Kd2 axb5 57. axb5 Kd6 58. Ke2
Ke6 59. Kd2 Kd6 60. Kc2 Ke6 61. Kb2 Kf6 62. Ka3 Ke6 63. Kb4 Kd6
{Game drawn by mutual agreement}
1/2-1/2

[Event "ICC tourney 2028 (45 10)"]
[Site "Internet Chess Club"]
[Date "2020.10.03"]
[Round "1"]
[White "mehtaaditya"]
[Black "jxfan1"]
[Result "0-1"]
[ICCResult "White checkmated"]
[WhiteElo "1540"]
[BlackElo "1293"]
[Opening "Four knights: Spanish variation"]
[ECO "C48"]
[NIC "KP.03"]
[Time "11:06:14"]
[TimeControl "2700+10"]

1. e4 e5 2. Nf3 Nc6 3. Nc3 Nf6 4. Bb5 d6 5. h3 Be7 6. d3 Be6 7. O-O O-O 8.
a3 a6 9. Bxc6 bxc6 10. Ng5 Bd7 11. f4 exf4 12. Bxf4 h6 13. Nf3 d5 14. Re1
Be6 15. Ne5 Qe8 16. exd5 cxd5 17. d4 c5 18. Ng6 fxg6 19. Rxe6 Qf7 20. Re2
Rfc8 21. dxc5 Bxc5+ 22. Be3 d4 23. Bxd4 Rd8 24. Rd2 Bxd4+ 25. Rxd4 Qa7 26.
Ne2 Re8 27. Kf1 Rf8 28. Ke1 Rae8 29. Qd3 Qb7 30. Kd2 Qxg2 31. Re1 Ne4+ 32.
Kc1 Nf2 33. Qc3 Nxh3 34. Qc4+ Kh7 35. Rd2 Nf4 36. Qxa6 Nxe2+ 37. Rdxe2 Qg5+
38. Kb1 Rf6 39. Qd3 Rxe2 40. Rxe2 Qf5 41. Rd2 Qf1+ 42. Ka2 h5 43. Qxf1 Rxf1
44. Rh2 Kh6 45. a4 g5 46. a5 g4 47. a6 g3 48. Rg2 h4 49. a7 Rf8 50. b4 Ra8
51. Rg1 Rxa7+ 52. Kb3 g5 53. Kc3 g4 54. Kd3 h3 55. Re1 Rd7+ 56. Kc3 g2 57.
Rg1 h2 58. Rxg2 h1=Q 59. Rxg4 Qh3+ 60. Kb2 Qxg4 61. c3 Qe2+ 62. Kb3 Qe6+ 63.
c4 Rd3+ 64. Ka4 Qxc4 65. Ka5 Rd5+ 66. b5 Qxb5# {White checkmated} 0-1

[Event "ICC tourney 2028 (45 10)"]
[Site "Internet Chess Club"]
[Date "2020.10.03"]
[Round "1"]
[White "RatislavK"]
[Black "Abhinac123"]
[Result "0-1"]
[ICCResult "White resigns"]
[WhiteElo "1129"]
[BlackElo "1457"]
[Opening "Queen's pawn game, Darooha variation "]
[ECO "D02"]
[NIC "QP.08"]
[Time "11:06:13"]
[TimeControl "2700+10"]

1. d4 d5 2. Nf3 Nf6 3. g3 Bf5 4. Bg2 e6 5. c4 c6 6. Qb3 Qb6 7. c5 Qxb3 8.
axb3 Nbd7 9. Nc3 Be7 10. b4 O-O 11. Bf4 Ne4 12. Nh4 Bxh4 13. gxh4 Nxc3 14.
bxc3 Nf6 15. f3 Rfe8 16. Kf2 Nd7 17. e4 Bg6 18. Bd2 Nf8 19. e5 Bd3 20. h5
Nd7 21. f4 Bf5 22. Bf3 h6 23. h4 Kh7 24. Rh2 Rg8 25. Be2 a6 26. Rg2 Raf8 27.
c4 f6 28. b5 axb5 29. cxb5 fxe5 30. bxc6 bxc6 31. Ra7 Rf7 32. dxe5 Nxe5 33.
Rxf7 Nxf7 34. Ba6 e5 35. Ke3 d4+ 36. Kf3 e4+ 37. Ke2 e3 38. Ba5 Ra8 39. Bc4
Rxa5 40. Bxf7 Rxc5 41. Bg6+ Bxg6 42. hxg6+ Kg8 43. Kd3 Rd5 44. Rc2 c5 45.
Ke4 Rh5 46. f5 Rxh4+ 47. Kd3 Kf8 48. Rxc5 Ke7 49. Rd5 Kf6 50. Ke2 Rf4 51.
Kd3 h5 {White resigns} 0-1